Lightning vs Bruins
Created - November 14, 2019 at 19:00
Goals
|
| Lightning |
1 |
2 |
0 |
0 |
2 |
4 |
| Bruins |
1 |
0 |
2 |
0 |
0 |
3 |
|
Shots
|
| Lightning |
16 |
11 |
7 |
0 |
3 |
34 |
| Bruins |
12 |
4 |
15 |
2 |
2 |
33 |
|
1st period
1. Lightning , Tyler Toffoli 3 (Gilbert Brule 5, Gabriel Landeskog 2) at 7:44
2. Bruins , Victor Oreskovich 5 (Wojtek Wolski 14) at 8:02
Penalties :
Brendan Smith (Bos) for Elbowing (Minor) at 15:42, Kris Chucko (Bos) for Hooking (Minor) at 18:42
2nd period
3. Lightning , Jeff Schultz 2 (Rasmus Ristolainen 5, Gilbert Brule 6) at 5:32 (PP)
4. Lightning , Simon Gagné 3 (Jesper Fast 1, Mika Zibanejad 2) at 5:50
Penalties :
Kevin Bieksa (Bos) for Holding (Minor) at 2:47, Wojtek Wolski (Bos) for Holding (Minor) at 5:19
3rd period
5. Bruins , Rene Bourque 3 (T.J Galiardi 5) at 7:03
6. Bruins , Jonathan Toews 12 (Victor Oreskovich 3, Wojtek Wolski 15) at 11:39 (PP)
Penalties :
T.J Galiardi (Bos) for Holding (Minor) at 4:18, Jesper Fast (TB.) for Tripping (Minor) at 11:12, Johnny Boychuk (Bos) for Cross-checking (Minor) at 13:20, Michael Raffl (TB.) for Attempt to injure (Major / Game Misconduct) at 15:34
Overtime #1
No Goal
Penalties :
No Penalty
Shootout
Lightning , Tyler Toffoli - Goal!
Bruins, Wojtek Wolski - Stopped by Jaroslav Halak
Lightning , Gabriel Landeskog - Stopped by Josh Tordjman
Bruins, Jonathan Toews - Stopped by Jaroslav Halak
Lightning , Mika Zibanejad - Goal!
Penalties :
No Penalty
Goalie Stats
Jaroslav Halak (TB.), 30 saves from 33 shots - (0.909), W, 5-5-0, 65:00 minutes
Josh Tordjman (Bos), 31 saves from 34 shots - (0.912), OTL, 1-2-1, 65:00 minutes
Players Stats for Lightning
Player Name G A P +/- PIM S H SB GA TA FO MP PP MP PK MP
------------------------------------------------------------------------------------
Andy Rogers 0 0 0 -1 0 1 0 0 0 1 0/0 12:53 0:00 1:52
Brad Boyes 0 0 0 -1 0 4 0 0 0 0 0/0 8:17 0:03 0:00
Corey Tropp 0 0 0 0 0 1 0 0 0 0 0/0 7:15 0:00 0:00
Dwight King 0 0 0 -1 0 1 3 0 1 0 0/0 10:51 0:00 1:13
Gabriel Landeskog 0 1 1 0 0 1 5 2 1 2 1/3 25:41 6:30 2:55
Gilbert Brule 0 2 2 0 0 4 3 1 1 1 15/39 25:13 6:27 2:19
Jeff Schultz 1 0 1 0 0 2 0 1 0 1 0/0 28:43 6:37 3:21
Jesper Fast 0 1 1 1 2 1 2 1 0 0 2/2 18:25 3:38 0:00
Joni Pitkanen 0 0 0 2 0 0 0 1 0 0 0/0 24:21 3:31 1:52
Justin Schultz 0 0 0 1 0 2 1 3 1 2 0/0 26:07 3:31 3:10
Michael Raffl 0 0 0 0 15 2 0 0 0 0 0/0 7:14 0:00 0:00
Mika Zibanejad 0 1 1 1 0 2 2 0 0 1 5/12 21:06 3:38 1:15
Mikael Backlund 0 0 0 0 0 0 1 0 0 0 4/5 7:15 0:00 0:00
Rasmus Ristolainen 0 1 1 -1 0 2 1 1 1 0 0/0 26:06 6:37 0:00
Sam Gagner 0 0 0 -1 0 2 4 0 1 1 2/5 14:29 3:38 1:18
Simon Gagné 1 0 1 1 0 4 0 1 0 0 1/1 15:52 0:03 1:18
Theo Peckham 0 0 0 -1 0 1 0 0 0 0 0/0 11:50 0:00 0:37
Tyler Toffoli 1 0 1 0 0 4 2 1 0 0 0/2 22:54 6:27 0:00
Players Stats for Bruins
Player Name G A P +/- PIM S H SB GA TA FO MP PP MP PK MP
------------------------------------------------------------------------------------
Brendan Smith 0 0 0 -1 2 0 2 2 1 1 0/0 29:26 2:52 5:00
Casey Cizikas 0 0 0 0 0 1 0 0 1 1 1/1 6:28 0:00 0:23
Dave Bolland 0 0 0 1 0 2 0 0 0 0 3/4 12:21 0:51 0:00
Jason Demers 0 0 0 -1 0 2 0 0 1 1 0/0 30:12 2:52 5:50
Johnny Boychuk 0 0 0 1 2 1 1 2 0 1 0/0 12:39 0:10 0:06
Jonathan Toews 1 0 1 0 0 2 2 0 1 0 16/25 25:27 2:26 6:24
Kevin Bieksa 0 0 0 1 2 3 1 0 0 0 0/0 12:26 0:02 0:44
Kris Chucko 0 0 0 0 2 0 2 1 0 0 0/0 7:24 0:00 0:55
Mattias Tedenby 0 0 0 0 0 0 0 0 0 1 0/0 6:53 0:48 0:00
Mike Ribeiro 0 0 0 -1 0 0 1 0 0 0 9/18 15:28 1:38 0:00
Nathan Horton 0 0 0 -1 0 6 1 1 1 0 0/2 15:28 1:38 0:00
Rene Bourque 1 0 1 1 0 1 1 0 1 1 0/0 12:18 0:48 0:00
Scott Hartnell 0 0 0 -1 0 6 1 0 0 0 0/0 19:56 1:38 2:49
Shane O'Brien 0 0 0 0 0 0 1 1 1 0 0/0 22:45 1:50 4:18
T.J Galiardi 0 1 1 1 2 2 1 0 1 0 1/1 11:16 0:00 0:45
Torey Krug 0 0 0 0 0 0 0 1 1 0 0/0 22:53 1:58 4:18
Victor Oreskovich 1 1 2 0 0 4 3 1 0 0 1/3 21:13 2:23 2:49
Wojtek Wolski 0 2 2 0 2 3 0 0 0 0 8/15 25:13 2:26 6:11
3 Stars
1 - Victor Oreskovich (Bos)
2 - Gilbert Brule (TB.)
3 - Tyler Toffoli (TB.)
Power Play
Lightning - 1 on 6 Attempt(s) - 16.67%
Bruins - 1 on 2 Attempt(s) - 50.00%
Penalty Kill
Lightning - 1 on 2 Attempt(s) - 50.00%
- Score 0 goal in Penalty Kill
Bruins - 5 on 6 Attempt(s) - 83.33%
- Score 0 goal in Penalty Kill
Team Stat
Lightning - Hits : 24 - Faceoff Wins : 30 - Blocked Shots : 12 - Penalty Minutes : 17
Bruins - Hits : 17 - Faceoff Wins : 39 - Blocked Shots : 9 - Penalty Minutes : 12
Official
Referees : Unknown
Linesman : Unknown
Game Notes
Michael Raffl ejected from game at 15:34 of 3rd period
Michael Raffl from Lightning is suspended for 1 game(s)
Finance
Level 1 -- Attendance: 4781 (79.68%) -- Ticket Income $592,844
Level 2 -- Attendance: 3871 (77.42%) -- Ticket Income $290,325
Level 3 -- Attendance: 1598 (79.90%) -- Ticket Income $70,312
Level 4 -- Attendance: 4000 (100.00%) -- Ticket Income $116,000
Luxury Box -- Attendance: 664 (66.40%) -- Ticket Income $145,416
Game was played at the TD Banknorth Garden.
Total Attendance: 14914 (82.86%)
Total Ticket Income: $1,214,897
Other Income: $182,235
Total Income: $1,397,132
Lightning
5 vs 5 Forward
Center Left Wing Right Wing Time % Phy DF OF
1 Gilbert Brule Gabriel Landeskog Tyler Toffoli 40 0 2 3
2 Mika Zibanejad Simon Gagné Jesper Fast 40 0 2 3
3 Sam Gagner Dwight King Brad Boyes 15 1 2 2
4 Mikael Backlund Michael Raffl Corey Tropp 5 1 2 2
5 vs 5 Defense
Defense Defense Time % Phy DF OF
1 Rasmus Ristolainen Jeff Schultz 40 0 2 3
2 Justin Schultz Joni Pitkanen 40 0 2 3
3 Andy Rogers Theo Peckham 10 1 2 2
4 Rasmus Ristolainen Justin Schultz 10 1 2 2
PowerPlay Forward
Center Left Wing Right Wing Time % Phy DF OF
1 Gilbert Brule Gabriel Landeskog Tyler Toffoli 60 0 1 4
2 Mika Zibanejad Sam Gagner Jesper Fast 40 0 1 4
PowerPlay Defense
Defense Defense Time % Phy DF OF
1 Rasmus Ristolainen Jeff Schultz 60 0 1 4
2 Justin Schultz Joni Pitkanen 40 0 1 4
Penalty Kill 4 Players Forward
Center Wing Time % Phy DF OF
1 Gilbert Brule Gabriel Landeskog 60 1 3 1
2 Sam Gagner Simon Gagné 40 1 3 1
Penalty Kill 4 Players Defense
Defense Defense Time % Phy DF OF
1 Jeff Schultz Justin Schultz 60 1 3 1
2 Joni Pitkanen Andy Rogers 40 1 3 1
Penalty Kill - 3 Players Forward
Forward Time % Phy DF OF
1 Gabriel Landeskog 60 1 3 1
2 Gilbert Brule 40 1 3 1
Penalty Kill - 3 Players Defense
Defense Defense Time % Phy DF OF
1 Jeff Schultz Justin Schultz 60 1 3 1
2 Joni Pitkanen Andy Rogers 40 1 3 1
4 vs 4 Forward
Center Wing Time % Phy DF OF
1 Gilbert Brule Tyler Toffoli 60 0 2 3
2 Mika Zibanejad Gabriel Landeskog 40 0 2 3
4 vs 4 Defense
Defense Defense Time % Phy DF OF
1 Rasmus Ristolainen Jeff Schultz 60 0 2 3
2 Justin Schultz Joni Pitkanen 40 0 2 3
Last Minutes Offensive
Center Left Wing Right Wing Defense Defense
Mika Zibanejad Gabriel Landeskog Tyler Toffoli Rasmus Ristolainen Jeff Schultz
Last Minutes Defensive
Center Left Wing Right Wing Defense Defense
Gilbert Brule Gabriel Landeskog Jesper Fast Justin Schultz Joni Pitkanen
Goaltenders
Starting : Jaroslav Halak
Backup : Jhonas Enroth
Extra Forwards
Normal : Mika Zibanejad, Gabriel Landeskog, Michael Raffl - PP : Mika Zibanejad, Simon Gagné - PK : Michael Raffl
Extra Defensemen
Normal : Rasmus Ristolainen, Theo Peckham, Justin Schultz - PP : Rasmus Ristolainen - PK : Theo Peckham, Justin Schultz
Penalty Shots
Tyler Toffoli, Gabriel Landeskog, Mika Zibanejad, Gilbert Brule, Simon Gagné
Scratches
Rickard Rakell (Bruised Left Leg Injury), Pierre-Luc Létourneau (Healthy)
Bruins
5 vs 5 Forward
Center Left Wing Right Wing Time % Phy DF OF
1 Jonathan Toews Wojtek Wolski Victor Oreskovich 40 1 2 2
2 Mike Ribeiro Scott Hartnell Nathan Horton 30 1 2 2
3 Dave Bolland T.J Galiardi Rene Bourque 20 1 2 2
4 Casey Cizikas Kris Chucko Mattias Tedenby 10 1 2 2
5 vs 5 Defense
Defense Defense Time % Phy DF OF
1 Jason Demers Brendan Smith 40 1 2 2
2 Shane O'Brien Torey Krug 30 1 2 2
3 Johnny Boychuk Kevin Bieksa 20 1 2 2
4 Jason Demers Brendan Smith 10 1 2 2
PowerPlay Forward
Center Left Wing Right Wing Time % Phy DF OF
1 Jonathan Toews Wojtek Wolski Victor Oreskovich 60 1 2 2
2 Mike Ribeiro Scott Hartnell Nathan Horton 40 1 2 2
PowerPlay Defense
Defense Defense Time % Phy DF OF
1 Jason Demers Brendan Smith 60 1 2 2
2 Shane O'Brien Torey Krug 40 1 2 2
Penalty Kill 4 Players Forward
Center Wing Time % Phy DF OF
1 Wojtek Wolski Jonathan Toews 60 1 2 2
2 Victor Oreskovich Scott Hartnell 40 1 2 2
Penalty Kill 4 Players Defense
Defense Defense Time % Phy DF OF
1 Jason Demers Brendan Smith 60 1 2 2
2 Shane O'Brien Torey Krug 40 1 2 2
Penalty Kill - 3 Players Forward
Forward Time % Phy DF OF
1 Wojtek Wolski 60 1 2 2
2 Jonathan Toews 40 1 2 2
Penalty Kill - 3 Players Defense
Defense Defense Time % Phy DF OF
1 Jason Demers Brendan Smith 60 1 2 2
2 Shane O'Brien Torey Krug 40 1 2 2
4 vs 4 Forward
Center Wing Time % Phy DF OF
1 Wojtek Wolski Jonathan Toews 60 1 2 2
2 Victor Oreskovich Scott Hartnell 40 1 2 2
4 vs 4 Defense
Defense Defense Time % Phy DF OF
1 Jason Demers Brendan Smith 60 1 2 2
2 Shane O'Brien Torey Krug 40 1 2 2
Last Minutes Offensive
Center Left Wing Right Wing Defense Defense
Jonathan Toews Wojtek Wolski Victor Oreskovich Jason Demers Brendan Smith
Last Minutes Defensive
Center Left Wing Right Wing Defense Defense
Jonathan Toews Wojtek Wolski Victor Oreskovich Jason Demers Brendan Smith
Goaltenders
Starting : Josh Tordjman
Backup : Kevin Poulin
Extra Forwards
Normal : Dave Bolland, Rene Bourque, T.J Galiardi - PP : Dave Bolland, Rene Bourque - PK : T.J Galiardi
Extra Defensemen
Normal : Johnny Boychuk, Kevin Bieksa, Shane O'Brien - PP : Johnny Boychuk - PK : Kevin Bieksa, Shane O'Brien
Penalty Shots
Wojtek Wolski, Jonathan Toews, Victor Oreskovich, Scott Hartnell, Mike Ribeiro
Scratches
None
% Time on Ice - Lightning
Lines # - Real PCT - Wanted PCT - Time Play
Normal Forward
1 - 33% - 40% - 14:47
2 - 33% - 40% - 14:48
3 - 18% - 15% - 8:10
4 - 16% - 5% - 7:15
Normal Defense
1 - 37% - 40% - 16:51
2 - 38% - 40% - 17:12
3 - 23% - 10% - 10:14
4 - 2% - 10% - 0:43
PP Forward
1 - 64% - 60% - 6:30
2 - 36% - 40% - 3:38
PP Defense
1 - 65% - 60% - 6:37
2 - 35% - 40% - 3:31
PK Forward
1 - 73% - 60% - 3:34
2 - 27% - 40% - 1:18
PK Defense
1 - 63% - 60% - 3:04
2 - 37% - 40% - 1:48
PK3 Forward
1 - 100% - 60% - 0:34
2 - 0% - 40% - 0:00
PK3 Defense
1 - 88% - 60% - 0:30
2 - 12% - 40% - 0:04
44 Forward
1 - 90% - 60% - 4:00
2 - 10% - 40% - 0:26
44 Defense
1 - 60% - 60% - 2:40
2 - 40% - 40% - 1:46
Last Minute Offensive - 0:00
Last Minute Defensive - 0:00
Total
Forward - 65:00
Defense - 65:00
|
% Time on Ice - Bruins
Lines # - Real PCT - Wanted PCT - Time Play
Normal Forward
1 - 32% - 40% - 14:27
2 - 32% - 30% - 14:20
3 - 23% - 20% - 10:08
4 - 14% - 10% - 6:05
Normal Defense
1 - 39% - 40% - 17:27
2 - 33% - 30% - 14:38
3 - 25% - 20% - 11:22
4 - 3% - 10% - 1:33
PP Forward
1 - 66% - 60% - 3:14
2 - 34% - 40% - 1:38
PP Defense
1 - 60% - 60% - 2:54
2 - 40% - 40% - 1:58
PK Forward
1 - 72% - 60% - 7:19
2 - 28% - 40% - 2:49
PK Defense
1 - 58% - 60% - 5:50
2 - 42% - 40% - 4:18
PK3 Forward
1 - 0% - 60%
2 - 0% - 40%
PK3 Defense
1 - 0% - 60%
2 - 0% - 40%
44 Forward
1 - 77% - 60% - 3:51
2 - 23% - 40% - 1:09
44 Defense
1 - 60% - 60% - 3:01
2 - 40% - 40% - 1:59
Last Minute Offensive - 0:00
Last Minute Defensive - 0:00
Total
Forward - 65:00
Defense - 65:00
|
Play-by-Play
1st period
0:01 of 1st period - Jonathan Toews wins face-off versus Tyler Toffoli in neutral zone.
0:14 of 1st period - Wrist shot by Victor Oreskovich.
0:14 of 1st period - Stopped by Jaroslav Halak without a rebound.
0:15 of 1st period - Simon Gagné wins face-off versus Mike Ribeiro in Lightning zone.
1:13 of 1st period - Snap shot by Casey Cizikas.
1:13 of 1st period - Shot Blocked by Rasmus Ristolainen.
2:30 of 1st period - Off-side.
2:31 of 1st period - Mike Ribeiro wins face-off versus Gilbert Brule in neutral zone.
2:40 of 1st period - Wrist shot by Nathan Horton.
2:40 of 1st period - Shot Blocked by Justin Schultz.
2:42 of 1st period - Snap shot by Kevin Bieksa.
2:42 of 1st period - Stopped by Jaroslav Halak with a rebound.
2:44 of 1st period - Slapshot by Kevin Bieksa.
2:44 of 1st period - Shot Blocked by Gilbert Brule.
2:46 of 1st period - Slapshot by Kevin Bieksa.
2:46 of 1st period - Stopped by Jaroslav Halak with a rebound.
2:58 of 1st period - Johnny Boychuk is hit by Sam Gagner and loses puck.
3:21 of 1st period - Snap shot by Michael Raffl.
3:21 of 1st period - Stopped by Josh Tordjman with a rebound.
3:25 of 1st period - Snap shot by Corey Tropp.
3:25 of 1st period - Stopped by Josh Tordjman with a rebound.
3:27 of 1st period - Slapshot by Michael Raffl.
3:27 of 1st period - Stopped by Josh Tordjman without a rebound.
3:28 of 1st period - Gilbert Brule wins face-off versus Mike Ribeiro in Bruins zone.
3:31 of 1st period - Wrist shot by Tyler Toffoli.
3:31 of 1st period - Shot Misses the Net.
3:33 of 1st period - Slapshot by Gilbert Brule.
3:33 of 1st period - Stopped by Josh Tordjman without a rebound.
3:34 of 1st period - Mike Ribeiro wins face-off versus Gilbert Brule in Bruins zone.
3:39 of 1st period - Slapshot by Brendan Smith.
3:39 of 1st period - Shot Blocked by Jeff Schultz.
4:19 of 1st period - Shane O'Brien is hit by Dwight King and loses puck.
5:02 of 1st period - Snap shot by Brad Boyes.
5:02 of 1st period - Deflect By Kevin Bieksa.
5:02 of 1st period - Stopped by Josh Tordjman with a rebound.
5:04 of 1st period - Snap shot by Jeff Schultz.
5:04 of 1st period - Stopped by Josh Tordjman without a rebound.
5:05 of 1st period - Jonathan Toews wins face-off versus Gilbert Brule in Bruins zone.
5:12 of 1st period - Justin Schultz is hit by Jonathan Toews and loses puck.
5:55 of 1st period - Jason Demers is hit by Jesper Fast and loses puck.
6:56 of 1st period - Snap shot by Simon Gagné.
6:56 of 1st period - Stopped by Josh Tordjman without a rebound.
6:57 of 1st period - Jonathan Toews wins face-off versus Gilbert Brule in Bruins zone.
7:12 of 1st period - Wrist shot by Victor Oreskovich.
7:12 of 1st period - Stopped by Jaroslav Halak without a rebound.
7:13 of 1st period - Mike Ribeiro wins face-off versus Gilbert Brule in Lightning zone.
7:20 of 1st period - Wrist shot by Scott Hartnell.
7:20 of 1st period - Stopped by Jaroslav Halak without a rebound.
7:21 of 1st period - Mike Ribeiro wins face-off versus Gilbert Brule in Lightning zone.
7:22 of 1st period - Slapshot by Scott Hartnell.
7:22 of 1st period - Stopped by Jaroslav Halak with a rebound.
7:32 of 1st period - Slapshot by Tyler Toffoli.
7:32 of 1st period - Shot Misses the Net.
7:42 of 1st period - Wrist shot by Gilbert Brule.
7:42 of 1st period - Shot Misses the Net.
7:44 of 1st period - Wrist shot by Gilbert Brule.
7:44 of 1st period - Deflect By Tyler Toffoli.
7:44 of 1st period - Goal by Tyler Toffoli - Lightning : 1 - Bruins : 0.
7:45 of 1st period - Jonathan Toews wins face-off versus Gilbert Brule in neutral zone.
8:02 of 1st period - Snap shot by Victor Oreskovich.
8:02 of 1st period - Goal by Victor Oreskovich - Lightning : 1 - Bruins : 1.
8:03 of 1st period - Gilbert Brule wins face-off versus Jonathan Toews in neutral zone.
8:20 of 1st period - Slapshot by Tyler Toffoli.
8:20 of 1st period - Deflect By Wojtek Wolski.
8:20 of 1st period - Stopped by Josh Tordjman without a rebound.
8:21 of 1st period - Jesper Fast wins face-off versus Mike Ribeiro in Bruins zone.
9:07 of 1st period - Snap shot by Sam Gagner.
9:07 of 1st period - Shot Misses the Net.
9:09 of 1st period - Slapshot by Theo Peckham.
9:09 of 1st period - Shot Blocked by Kris Chucko.
9:11 of 1st period - Snap shot by Brad Boyes.
9:11 of 1st period - Stopped by Josh Tordjman without a rebound.
9:12 of 1st period - Casey Cizikas wins face-off versus Mika Zibanejad in Bruins zone.
9:21 of 1st period - Brendan Smith is hit by Justin Schultz.
9:43 of 1st period - Snap shot by Victor Oreskovich.
9:43 of 1st period - Shot Blocked by Gabriel Landeskog.
10:06 of 1st period - Slapshot by Brendan Smith.
10:06 of 1st period - Deflect By Scott Hartnell.
10:06 of 1st period - Stopped by Jaroslav Halak with a rebound.
10:08 of 1st period - Snap shot by Jason Demers.
10:08 of 1st period - Shot Misses the Net.
10:10 of 1st period - Snap shot by Nathan Horton.
10:10 of 1st period - Deflect By Scott Hartnell.
10:10 of 1st period - Stopped by Jaroslav Halak with a rebound.
10:12 of 1st period - Slapshot by Jason Demers.
10:12 of 1st period - Stopped by Jaroslav Halak with a rebound.
10:33 of 1st period - Slapshot by Brad Boyes.
10:33 of 1st period - Stopped by Josh Tordjman with a rebound.
10:47 of 1st period - Jesper Fast is hit by Kris Chucko and loses puck.
10:58 of 1st period - Wrist shot by Casey Cizikas.
10:58 of 1st period - Stopped by Jaroslav Halak without a rebound.
10:59 of 1st period - Gilbert Brule wins face-off versus Jonathan Toews in Lightning zone.
11:26 of 1st period - Justin Schultz is hit by Mike Ribeiro.
11:39 of 1st period - Snap shot by Nathan Horton.
11:39 of 1st period - Shot Misses the Net.
12:13 of 1st period - Snap shot by Gilbert Brule.
12:13 of 1st period - Shot Blocked by Johnny Boychuk.
12:15 of 1st period - Snap shot by Tyler Toffoli.
12:15 of 1st period - Stopped by Josh Tordjman with a rebound.
12:34 of 1st period - Snap shot by Wojtek Wolski.
12:34 of 1st period - Shot Misses the Net.
12:36 of 1st period - Snap shot by Wojtek Wolski.
12:36 of 1st period - Shot Misses the Net.
12:38 of 1st period - Snap shot by Victor Oreskovich.
12:38 of 1st period - Shot Misses the Net.
13:00 of 1st period - Slapshot by Sam Gagner.
13:00 of 1st period - Stopped by Josh Tordjman without a rebound.
13:01 of 1st period - Mike Ribeiro wins face-off versus Sam Gagner in Bruins zone.
13:13 of 1st period - Snap shot by Sam Gagner.
13:13 of 1st period - Shot Blocked by Brendan Smith.
13:49 of 1st period - Rene Bourque is hit by Gabriel Landeskog and loses puck.
13:58 of 1st period - Wrist shot by Gilbert Brule.
13:58 of 1st period - Shot Misses the Net.
14:05 of 1st period - Icing by Torey Krug.
14:06 of 1st period - Dave Bolland wins face-off versus Mika Zibanejad in Bruins zone.
14:36 of 1st period - Snap shot by Brendan Smith.
14:36 of 1st period - Shot Blocked by Tyler Toffoli.
15:42 of 1st period - Minor Penalty to Brendan Smith for Elbowing.
15:43 of 1st period - Gilbert Brule wins face-off versus Wojtek Wolski in Bruins zone.
15:51 of 1st period - Snap shot by Gilbert Brule.
15:51 of 1st period - Deflect By Jonathan Toews.
15:51 of 1st period - Stopped by Josh Tordjman without a rebound.
15:52 of 1st period - Wojtek Wolski wins face-off versus Gilbert Brule in Bruins zone.
16:03 of 1st period - Slapshot by Gilbert Brule.
16:03 of 1st period - Shot Misses the Net.
16:09 of 1st period - Backhand shot by Gabriel Landeskog.
16:09 of 1st period - Stopped by Josh Tordjman without a rebound.
16:10 of 1st period - Sam Gagner wins face-off versus Wojtek Wolski in Bruins zone.
16:39 of 1st period - Jason Demers is hit by Gabriel Landeskog and loses puck.
17:22 of 1st period - Wojtek Wolski is hit by Gilbert Brule.
17:36 of 1st period - Wrist shot by Scott Hartnell.
17:36 of 1st period - Stopped by Jaroslav Halak without a rebound.
17:37 of 1st period - Mika Zibanejad wins face-off versus Victor Oreskovich in Lightning zone.
17:42 of 1st period - Penalty to Brendan Smith is over, Brendan Smith is back on ice.
18:42 of 1st period - Minor Penalty to Kris Chucko for Hooking.
18:43 of 1st period - Wojtek Wolski wins face-off versus Gilbert Brule in Bruins zone.
19:10 of 1st period - Mika Zibanejad is hit by Brendan Smith and loses puck.
19:19 of 1st period - Snap shot by Justin Schultz.
19:19 of 1st period - Stopped by Josh Tordjman without a rebound.
19:20 of 1st period - Wojtek Wolski wins face-off versus Gilbert Brule in Bruins zone.
Goals for this period are 1 for Lightning vs 1 for Bruins.
Shots for this period are 16 for Lightning vs 12 for Bruins.
2nd period
0:01 of 2nd period - Gilbert Brule wins face-off versus Wojtek Wolski in neutral zone.
0:08 of 2nd period - Snap shot by Tyler Toffoli.
0:08 of 2nd period - Deflect By Gabriel Landeskog.
0:08 of 2nd period - Shot Misses the Net.
0:08 of 2nd period - Puck is out of play.
0:09 of 2nd period - Wojtek Wolski wins face-off versus Gilbert Brule in Bruins zone.
0:09 of 2nd period - Wojtek Wolski is hit by Gilbert Brule.
0:21 of 2nd period - Slapshot by Tyler Toffoli.
0:21 of 2nd period - Stopped by Josh Tordjman without a rebound.
0:22 of 2nd period - Gilbert Brule wins face-off versus Jonathan Toews in Bruins zone.
0:35 of 2nd period - Slapshot by Gilbert Brule.
0:35 of 2nd period - Stopped by Josh Tordjman with a rebound.
0:42 of 2nd period - Penalty to Kris Chucko is over, Kris Chucko is back on ice.
1:21 of 2nd period - Snap shot by Sam Gagner.
1:21 of 2nd period - Shot Misses the Net.
1:23 of 2nd period - Slapshot by Sam Gagner.
1:23 of 2nd period - Shot Blocked by Torey Krug.
1:41 of 2nd period - Slapshot by Victor Oreskovich.
1:41 of 2nd period - Shot Blocked by Justin Schultz.
2:03 of 2nd period - Slapshot by Jason Demers.
2:03 of 2nd period - Deflect By Casey Cizikas.
2:03 of 2nd period - Shot Misses the Net.
2:03 of 2nd period - Puck is out of play.
2:04 of 2nd period - Gilbert Brule wins face-off versus Mike Ribeiro in Lightning zone.
2:31 of 2nd period - Simon Gagné is hit by T.J Galiardi and loses puck.
2:38 of 2nd period - Slapshot by Simon Gagné.
2:38 of 2nd period - Stopped by Josh Tordjman with a rebound.
2:40 of 2nd period - Slapshot by Theo Peckham.
2:40 of 2nd period - Stopped by Josh Tordjman without a rebound.
2:41 of 2nd period - Gilbert Brule wins face-off versus Jonathan Toews in Bruins zone.
2:47 of 2nd period - Minor Penalty to Kevin Bieksa for Holding.
2:48 of 2nd period - Wojtek Wolski wins face-off versus Gilbert Brule in Bruins zone.
3:04 of 2nd period - Backhand shot by Gilbert Brule.
3:04 of 2nd period - Shot Misses the Net.
3:26 of 2nd period - Torey Krug is hit by Sam Gagner and loses puck.
3:39 of 2nd period - Wojtek Wolski is hit by Mika Zibanejad and loses puck.
3:58 of 2nd period - Slapshot by Mika Zibanejad.
3:58 of 2nd period - Stopped by Josh Tordjman without a rebound.
3:59 of 2nd period - Victor Oreskovich wins face-off versus Gilbert Brule in Bruins zone.
4:06 of 2nd period - Slapshot by Justin Schultz.
4:06 of 2nd period - Stopped by Josh Tordjman with a rebound.
4:08 of 2nd period - Wrist shot by Tyler Toffoli.
4:08 of 2nd period - Shot Misses the Net.
4:47 of 2nd period - Penalty to Kevin Bieksa is over, Kevin Bieksa is back on ice.
4:54 of 2nd period - Wrist shot by T.J Galiardi.
4:54 of 2nd period - Stopped by Jaroslav Halak without a rebound.
4:55 of 2nd period - Mikael Backlund wins face-off versus Dave Bolland in Lightning zone.
4:55 of 2nd period - Mikael Backlund is hit by Kevin Bieksa.
5:02 of 2nd period - Off-side.
5:03 of 2nd period - Jonathan Toews wins face-off versus Gilbert Brule in neutral zone.
5:08 of 2nd period - Andy Rogers is hit by Victor Oreskovich.
5:17 of 2nd period - Snap shot by Gabriel Landeskog.
5:17 of 2nd period - Shot Misses the Net.
5:19 of 2nd period - Minor Penalty to Wojtek Wolski for Holding.
5:20 of 2nd period - T.J Galiardi wins face-off versus Gilbert Brule in Bruins zone.
5:20 of 2nd period - T.J Galiardi is hit by Tyler Toffoli.
5:30 of 2nd period - Slapshot by Rasmus Ristolainen.
5:30 of 2nd period - Shot Misses the Net.
5:32 of 2nd period - Slapshot by Jeff Schultz.
5:32 of 2nd period - Deflect By Jonathan Toews.
5:32 of 2nd period - Goal by Jeff Schultz - Lightning : 2 - Bruins : 1.
5:33 of 2nd period - Gilbert Brule wins face-off versus Jonathan Toews in neutral zone.
5:46 of 2nd period - Slapshot by Rasmus Ristolainen.
5:46 of 2nd period - Stopped by Josh Tordjman without a rebound.
5:47 of 2nd period - Mika Zibanejad wins face-off versus Jonathan Toews in Bruins zone.
5:50 of 2nd period - Snap shot by Simon Gagné.
5:50 of 2nd period - Deflect By Victor Oreskovich.
5:50 of 2nd period - Goal by Simon Gagné - Lightning : 3 - Bruins : 1.
5:51 of 2nd period - Jonathan Toews wins face-off versus Gabriel Landeskog in neutral zone.
6:42 of 2nd period - Dave Bolland is hit by Dwight King and loses puck.
8:11 of 2nd period - Snap shot by Brad Boyes.
8:11 of 2nd period - Stopped by Josh Tordjman with a rebound.
9:49 of 2nd period - Wrist shot by Rene Bourque.
9:49 of 2nd period - Shot Misses the Net.
10:32 of 2nd period - Off-side.
10:33 of 2nd period - Mikael Backlund wins face-off versus Nathan Horton in neutral zone.
10:36 of 2nd period - Slapshot by Andy Rogers.
10:36 of 2nd period - Stopped by Josh Tordjman without a rebound.
10:37 of 2nd period - Mikael Backlund wins face-off versus Mike Ribeiro in Bruins zone.
10:38 of 2nd period - Wrist shot by Michael Raffl.
10:38 of 2nd period - Shot Blocked by Nathan Horton.
10:50 of 2nd period - Snap shot by Scott Hartnell.
10:50 of 2nd period - Shot Hit the Post.
11:12 of 2nd period - Icing by Scott Hartnell.
11:13 of 2nd period - Mike Ribeiro wins face-off versus Gilbert Brule in Bruins zone.
11:27 of 2nd period - Wrist shot by Nathan Horton.
11:27 of 2nd period - Shot Hit the Post.
11:29 of 2nd period - Slapshot by Kevin Bieksa.
11:29 of 2nd period - Stopped by Jaroslav Halak with a rebound.
11:45 of 2nd period - Wrist shot by Nathan Horton.
11:45 of 2nd period - Stopped by Jaroslav Halak without a rebound.
11:46 of 2nd period - Mika Zibanejad wins face-off versus Jonathan Toews in Lightning zone.
11:46 of 2nd period - Mika Zibanejad is hit by Victor Oreskovich.
12:02 of 2nd period - Snap shot by Wojtek Wolski.
12:02 of 2nd period - Shot Misses the Net.
12:12 of 2nd period - Jesper Fast is hit by Kris Chucko and loses puck.
12:23 of 2nd period - Snap shot by Mattias Tedenby.
12:23 of 2nd period - Shot Misses the Net.
12:25 of 2nd period - Snap shot by Mattias Tedenby.
12:25 of 2nd period - Shot Misses the Net.
12:45 of 2nd period - Snap shot by T.J Galiardi.
12:45 of 2nd period - Shot Misses the Net.
12:55 of 2nd period - Kevin Bieksa is hit by Rasmus Ristolainen and loses puck.
13:02 of 2nd period - Tyler Toffoli is hit by Jonathan Toews and loses puck.
14:02 of 2nd period - Slapshot by Wojtek Wolski.
14:02 of 2nd period - Shot Misses the Net.
14:35 of 2nd period - Torey Krug is hit by Mikael Backlund and loses puck.
14:52 of 2nd period - Slapshot by Shane O'Brien.
14:52 of 2nd period - Shot Misses the Net.
14:54 of 2nd period - Slapshot by Johnny Boychuk.
14:54 of 2nd period - Stopped by Jaroslav Halak without a rebound.
14:55 of 2nd period - Jonathan Toews wins face-off versus Gabriel Landeskog in Lightning zone.
16:02 of 2nd period - Simon Gagné is hit by Scott Hartnell and loses puck.
16:11 of 2nd period - Mike Ribeiro is hit by Jesper Fast and loses puck.
16:56 of 2nd period - Snap shot by Mike Ribeiro.
16:56 of 2nd period - Deflect By Mika Zibanejad.
16:56 of 2nd period - Shot Misses the Net.
16:56 of 2nd period - Puck is out of play.
16:57 of 2nd period - Wojtek Wolski wins face-off versus Gilbert Brule in Lightning zone.
Goals for this period are 2 for Lightning vs 0 for Bruins.
Shots for this period are 11 for Lightning vs 4 for Bruins.
3rd period
0:01 of 3rd period - Jonathan Toews wins face-off versus Gilbert Brule in neutral zone.
0:14 of 3rd period - Slapshot by Rasmus Ristolainen.
0:14 of 3rd period - Stopped by Josh Tordjman with a rebound.
0:38 of 3rd period - Slapshot by Nathan Horton.
0:38 of 3rd period - Shot Blocked by Jesper Fast.
0:40 of 3rd period - Slapshot by Scott Hartnell.
0:40 of 3rd period - Deflect By Mika Zibanejad.
0:40 of 3rd period - Shot Blocked by Simon Gagné.
0:40 of 3rd period - Puck is out of play.
0:41 of 3rd period - Jesper Fast wins face-off versus Mike Ribeiro in Lightning zone.
1:27 of 3rd period - Off-side.
1:28 of 3rd period - Dave Bolland wins face-off versus Mikael Backlund in neutral zone.
1:31 of 3rd period - Backhand shot by Brendan Smith.
1:31 of 3rd period - Shot Misses the Net.
1:37 of 3rd period - Snap shot by Rene Bourque.
1:37 of 3rd period - Shot Misses the Net.
1:56 of 3rd period - Snap shot by Dave Bolland.
1:56 of 3rd period - Stopped by Jaroslav Halak with a rebound.
1:58 of 3rd period - Wrist shot by Dave Bolland.
1:58 of 3rd period - Deflect By T.J Galiardi.
1:58 of 3rd period - Stopped by Jaroslav Halak without a rebound.
1:59 of 3rd period - Jonathan Toews wins face-off versus Gilbert Brule in Lightning zone.
2:02 of 3rd period - Wrist shot by Wojtek Wolski.
2:02 of 3rd period - Stopped by Jaroslav Halak with a rebound.
2:51 of 3rd period - Jason Demers is hit by Dwight King and loses puck.
3:00 of 3rd period - Wrist shot by Dwight King.
3:00 of 3rd period - Stopped by Josh Tordjman with a rebound.
4:18 of 3rd period - Minor Penalty to T.J Galiardi for Holding.
4:19 of 3rd period - Gilbert Brule wins face-off versus Wojtek Wolski in Bruins zone.
5:28 of 3rd period - Scott Hartnell is hit by Gabriel Landeskog.
6:18 of 3rd period - Penalty to T.J Galiardi is over, T.J Galiardi is back on ice.
6:34 of 3rd period - Snap shot by Rene Bourque.
6:34 of 3rd period - Deflect By T.J Galiardi.
6:34 of 3rd period - Shot Blocked by Joni Pitkanen.
6:34 of 3rd period - Puck is out of play.
6:35 of 3rd period - Mikael Backlund wins face-off versus Mike Ribeiro in Lightning zone.
6:44 of 3rd period - Slapshot by Andy Rogers.
6:44 of 3rd period - Shot Blocked by Johnny Boychuk.
6:52 of 3rd period - Michael Raffl is hit by Johnny Boychuk and loses puck.
7:03 of 3rd period - Snap shot by T.J Galiardi.
7:03 of 3rd period - Deflect By Rene Bourque.
7:03 of 3rd period - Goal by Rene Bourque - Lightning : 3 - Bruins : 2.
7:04 of 3rd period - Jonathan Toews wins face-off versus Mika Zibanejad in neutral zone.
7:15 of 3rd period - Wrist shot by Wojtek Wolski.
7:15 of 3rd period - Stopped by Jaroslav Halak with a rebound.
7:33 of 3rd period - Snap shot by Nathan Horton.
7:33 of 3rd period - Stopped by Jaroslav Halak without a rebound.
7:34 of 3rd period - Mike Ribeiro wins face-off versus Tyler Toffoli in Lightning zone.
7:49 of 3rd period - Torey Krug is hit by Gilbert Brule and loses puck.
8:09 of 3rd period - Icing by Torey Krug.
8:10 of 3rd period - Mike Ribeiro wins face-off versus Mika Zibanejad in Bruins zone.
8:23 of 3rd period - Snap shot by Nathan Horton.
8:23 of 3rd period - Stopped by Jaroslav Halak without a rebound.
8:24 of 3rd period - Jonathan Toews wins face-off versus Mika Zibanejad in Lightning zone.
8:27 of 3rd period - Slapshot by Victor Oreskovich.
8:27 of 3rd period - Stopped by Jaroslav Halak without a rebound.
8:28 of 3rd period - Mika Zibanejad wins face-off versus Victor Oreskovich in Lightning zone.
8:37 of 3rd period - Slapshot by Rasmus Ristolainen.
8:37 of 3rd period - Shot Misses the Net.
8:43 of 3rd period - Slapshot by Jason Demers.
8:43 of 3rd period - Deflect By Victor Oreskovich.
8:43 of 3rd period - Shot Misses the Net.
8:43 of 3rd period - Puck is out of play.
8:44 of 3rd period - Gilbert Brule wins face-off versus Nathan Horton in Lightning zone.
8:59 of 3rd period - Snap shot by Scott Hartnell.
8:59 of 3rd period - Shot Blocked by Gabriel Landeskog.
9:30 of 3rd period - Icing by Jonathan Toews.
9:31 of 3rd period - Jonathan Toews wins face-off versus Sam Gagner in Bruins zone.
10:07 of 3rd period - Wrist shot by Gilbert Brule.
10:07 of 3rd period - Shot Misses the Net.
10:19 of 3rd period - Snap shot by Mika Zibanejad.
10:19 of 3rd period - Stopped by Josh Tordjman without a rebound.
10:20 of 3rd period - Mika Zibanejad wins face-off versus Mike Ribeiro in Bruins zone.
10:21 of 3rd period - Snap shot by Jesper Fast.
10:21 of 3rd period - Deflect By Nathan Horton.
10:21 of 3rd period - Stopped by Josh Tordjman without a rebound.
10:22 of 3rd period - Mike Ribeiro wins face-off versus Mika Zibanejad in Bruins zone.
10:37 of 3rd period - Snap shot by Nathan Horton.
10:37 of 3rd period - Stopped by Jaroslav Halak with a rebound.
10:55 of 3rd period - Snap shot by Scott Hartnell.
10:55 of 3rd period - Shot Misses the Net.
10:57 of 3rd period - Slapshot by Kevin Bieksa.
10:57 of 3rd period - Shot Misses the Net.
10:59 of 3rd period - Wrist shot by Scott Hartnell.
10:59 of 3rd period - Stopped by Jaroslav Halak with a rebound.
11:01 of 3rd period - Wrist shot by Nathan Horton.
11:01 of 3rd period - Stopped by Jaroslav Halak without a rebound.
11:02 of 3rd period - Jonathan Toews wins face-off versus Mika Zibanejad in Lightning zone.
11:12 of 3rd period - Minor Penalty to Jesper Fast for Tripping.
11:13 of 3rd period - Jonathan Toews wins face-off versus Gilbert Brule in Lightning zone.
11:21 of 3rd period - Snap shot by Jonathan Toews.
11:21 of 3rd period - Stopped by Jaroslav Halak without a rebound.
11:22 of 3rd period - Jonathan Toews wins face-off versus Gilbert Brule in Lightning zone.
11:39 of 3rd period - Wrist shot by Jonathan Toews.
11:39 of 3rd period - Goal by Jonathan Toews - Lightning : 3 - Bruins : 3.
11:40 of 3rd period - Gilbert Brule wins face-off versus Jonathan Toews in neutral zone.
11:53 of 3rd period - Snap shot by Gilbert Brule.
11:53 of 3rd period - Stopped by Josh Tordjman with a rebound.
11:55 of 3rd period - Snap shot by Jeff Schultz.
11:55 of 3rd period - Shot Blocked by Victor Oreskovich.
12:17 of 3rd period - Slapshot by Jason Demers.
12:17 of 3rd period - Deflect By Nathan Horton.
12:17 of 3rd period - Stopped by Jaroslav Halak with a rebound.
12:29 of 3rd period - Rene Bourque is hit by Sam Gagner and loses puck.
12:38 of 3rd period - Wrist shot by Brad Boyes.
12:38 of 3rd period - Shot Hit the Post.
12:40 of 3rd period - Slapshot by Theo Peckham.
12:40 of 3rd period - Deflect By Sam Gagner.
12:40 of 3rd period - Stopped by Josh Tordjman without a rebound.
12:41 of 3rd period - Jonathan Toews wins face-off versus Gilbert Brule in Bruins zone.
13:20 of 3rd period - Minor Penalty to Johnny Boychuk for Cross-checking.
13:21 of 3rd period - Gilbert Brule wins face-off versus Wojtek Wolski in Bruins zone.
13:36 of 3rd period - Off-side.
13:37 of 3rd period - Gilbert Brule wins face-off versus Wojtek Wolski in neutral zone.
14:16 of 3rd period - Snap shot by Sam Gagner.
14:16 of 3rd period - Shot Blocked by Shane O'Brien.
14:18 of 3rd period - Slapshot by Sam Gagner.
14:18 of 3rd period - Shot Misses the Net.
14:20 of 3rd period - Wrist shot by Jesper Fast.
14:20 of 3rd period - Shot Misses the Net.
15:06 of 3rd period - T.J Galiardi is hit by Gabriel Landeskog and loses puck.
15:20 of 3rd period - Penalty to Johnny Boychuk is over, Johnny Boychuk is back on ice.
15:34 of 3rd period - Major / Game Misconduct Penalty to Michael Raffl for Attempt to injure.
15:34 of 3rd period - Michael Raffl is ejected from game.
15:35 of 3rd period - Gilbert Brule wins face-off versus Jonathan Toews in Lightning zone.
15:45 of 3rd period - Snap shot by Wojtek Wolski.
15:45 of 3rd period - Stopped by Jaroslav Halak without a rebound.
15:46 of 3rd period - Wojtek Wolski wins face-off versus Gilbert Brule in Lightning zone.
15:51 of 3rd period - Slapshot by Jason Demers.
15:51 of 3rd period - Shot Blocked by Justin Schultz.
16:54 of 3rd period - Snap shot by Mika Zibanejad.
16:54 of 3rd period - Shot Misses the Net.
17:07 of 3rd period - Mika Zibanejad is hit by Nathan Horton and loses puck.
17:58 of 3rd period - Justin Schultz is hit by Rene Bourque and loses puck.
18:19 of 3rd period - Mike Ribeiro is hit by Sam Gagner and loses puck.
18:23 of 3rd period - Icing by Jason Demers.
18:24 of 3rd period - Sam Gagner wins face-off versus Mike Ribeiro in Bruins zone.
18:31 of 3rd period - Snap shot by Simon Gagné.
18:31 of 3rd period - Stopped by Josh Tordjman with a rebound.
18:49 of 3rd period - Gilbert Brule is hit by Victor Oreskovich and loses puck.
19:32 of 3rd period - Dave Bolland is hit by Mika Zibanejad.
Goals for this period are 0 for Lightning vs 2 for Bruins.
Shots for this period are 7 for Lightning vs 15 for Bruins.
Overtime #1
0:01 of 1st overtime period - Gabriel Landeskog wins face-off versus Wojtek Wolski in neutral zone.
0:04 of 1st overtime period - Jonathan Toews is hit by Gabriel Landeskog and loses puck.
0:15 of 1st overtime period - Snap shot by Gabriel Landeskog.
0:15 of 1st overtime period - Shot Misses the Net.
0:17 of 1st overtime period - Snap shot by Gabriel Landeskog.
0:17 of 1st overtime period - Shot Blocked by Brendan Smith.
0:34 of 1st overtime period - Penalty to Michael Raffl is over, Dwight King is send on ice.
0:48 of 1st overtime period - Slapshot by Jason Demers.
0:48 of 1st overtime period - Stopped by Jaroslav Halak without a rebound.
0:49 of 1st overtime period - Wojtek Wolski wins face-off versus Gilbert Brule in Lightning zone.
0:58 of 1st overtime period - Jonathan Toews is hit by Tyler Toffoli and loses puck.
2:04 of 1st overtime period - Mika Zibanejad is hit by Brendan Smith and loses puck.
3:05 of 1st overtime period - Tyler Toffoli is hit by Shane O'Brien and loses puck.
4:02 of 1st overtime period - Snap shot by Dave Bolland.
4:02 of 1st overtime period - Stopped by Jaroslav Halak without a rebound.
4:03 of 1st overtime period - Dave Bolland wins face-off versus Sam Gagner in Lightning zone.
Goals for this period are 0 for Lightning vs 0 for Bruins.
Shots for this period are 0 for Lightning vs 2 for Bruins.
ShootOut
5:00 of 1st overtime period - Round #1.
5:00 of 1st overtime period - Lightning , Tyler Toffoli.
5:00 of 1st overtime period - Wrist shot by Tyler Toffoli.
5:00 of 1st overtime period - Goal by Tyler Toffoli.
5:00 of 1st overtime period - Bruins, Wojtek Wolski.
5:00 of 1st overtime period - Deke by Wojtek Wolski.
5:00 of 1st overtime period - Stopped by Jaroslav Halak.
5:00 of 1st overtime period - Round #2.
5:00 of 1st overtime period - Lightning , Gabriel Landeskog.
5:00 of 1st overtime period - Snap shot by Gabriel Landeskog.
5:00 of 1st overtime period - Stopped by Josh Tordjman.
5:00 of 1st overtime period - Bruins, Jonathan Toews.
5:00 of 1st overtime period - Snap shot by Jonathan Toews.
5:00 of 1st overtime period - Stopped by Jaroslav Halak.
5:00 of 1st overtime period - Round #3.
5:00 of 1st overtime period - Lightning , Mika Zibanejad.
5:00 of 1st overtime period - Backhand shot by Mika Zibanejad.
5:00 of 1st overtime period - Goal by Mika Zibanejad.
Back to the Top